 Dungeon Sprint DCSS version 0.32-a0-422-g28b100f618 (webtiles) character file.

Game seed: 12594944846660457953

1572 adelrune the Basher (level 8, -1/118 HPs)
             Began as a Minotaur Fighter on Feb 21, 2024.
             Was an Initiate of Jiyva.
             Slain by a death knight
             ... wielding a +0 morningstar
              (15 damage)
             ... in the Dungeon (Sprint IX: "|||||||||||||||||||||||||||||").
             The game lasted 00:01:56 (387 turns).

adelrune the Basher (Minotaur Fighter)               Turns: 387, Time: 00:01:56

Health: -1/118     AC: 23    Str: 29    XL:     8   Next: 59%
Magic:  7/7        EV: 10    Int:  5    God:    Jiyva [......]
Gold:   0          SH:  6    Dex: 10    Spells: 7/7 levels left

rFire   . . .        n - +2 morningstar (protect)
rCold   . . .        c - +0 buckler
rNeg    . . .        p - +0 plate armour
rPois   .            (helmet restricted)
rElec   .            (no cloak)
rCorr   .            (no gloves)
SInv    .            o - +0 pair of boots
Will    .....        (no amulet) Stlth
                     q - +3 ring of strength
HPRegen 0.39/turn    r - +3 ring of strength
MPRegen 0.10/turn

%: no teleportation
@: berserking (expiring), under a protective aura, very quick
A: horns 2, retaliatory headbutt
a: Renounce Religion


You were in the Dungeon.
You worshipped Jiyva.
Jiyva was noncommittal.
You visited 1 branch

Inventory:

Hand Weapons
 a - a +0 flail
 n - a +2 morningstar of protection (weapon)
Armour
 b - a +0 scale mail
 c - a +0 buckler (worn)
 o - a +0 pair of boots (worn)
 p - a +0 plate armour (worn)
Jewellery
 q - a +3 ring of strength (left hand)
 r - a +3 ring of strength (right hand)
Wands
 m - a wand of iceblast (10)
Scrolls
 j - 2 scrolls of blinking
 l - 2 scrolls of amnesia
Potions
 d - a potion of might
 e - 5 potions of curing
 f - 3 potions of heal wounds
 g - a potion of haste
 h - 4 potions of magic
 k - a potion of invisibility


   Skills:
 + Level 10.3 Fighting
 * Level 13.6 Maces & Flails
 + Level 10.3 Armour
 + Level 8.4 Dodging
 + Level 10.0 Shields


You had 7 spell levels left.
You didn't know any spells.
Your spell library was empty.

Dungeon Overview and Level Annotations

Branches:
Dungeon (1/1)

Altars:
Cheibriados
Dithmenos
Elyvilon
Fedhas
Gozag
Hepliaklqana
Kikubaaqudgha
Makhleb
Nemelex Xobeh
Okawaru
Qazlal
Ru
Sif Muna
Trog
Uskayaw
Vehumet
Wu Jian
Xom
Yredelemnul
Zin
The Shining One
Beogh
Jiyva
Lugonu


Innate Abilities, Weirdness & Mutations

You have a pair of horns on your head.
You reflexively headbutt those who attack you in melee.


Message History

You feel yourself moving faster!
You feel mighty!
The death knight invokes the aid of Yredelemnul against you.
You barely resist.
You feel a strong urge to attack something.
Things that are here:
a +0 shortbow; a centaur corpse You hit the death knight.
Your headbutt misses the death knight.
The death knight is lightly wounded.
The death knight reflects your damage back at you!
* * * LOW HITPOINT WARNING * * *
You block the death knight's attack.
You bludgeon the death knight!!
The death knight is moderately wounded.
The death knight reflects your damage back at you!
* * * LOW HITPOINT WARNING * * *
You puncture the death knight! Your headbutt misses the death knight.
The death knight is heavily wounded.
The death knight reflects your damage back at you!
* * * LOW HITPOINT WARNING * * *
The death knight barely misses you.
You hit the death knight. Your headbutt misses the death knight.
The death knight is heavily wounded.
The death knight reflects your damage back at you!
You hit the death knight. Your headbutt misses the death knight.
The death knight is heavily wounded.
The death knight reflects your damage back at you!
* * * LOW HITPOINT WARNING * * *
The death knight's dark mirror aura disappears.
You block the death knight's attack.
You sock the death knight! Your headbutt misses the death knight.
The death knight is severely wounded.
You barely miss the death knight. You headbutt the death knight.
The death knight is severely wounded.
The death knight hits you with a +0 morningstar.
* * * LOW HITPOINT WARNING * * *
You impale the death knight!!
The death knight is almost dead.
The death knight hits you with a +0 morningstar!
You die...
Jiyva sends a jelly to digest your remains. ▓▓▓▓▓▓▓▓▓▓▓▓▓▓▓▓▓▓▓▓▓▓▓ .).[....)).....'@pD.÷.+ ▓▓▓▓▓▓▓▓▓▓▓▓▓▓▓▓▓▓▓▓▓▓▓

You could see a death knight and an acid dragon.

Vanquished Creatures
  A centaur warrior (D)
  An unseen horror (D)
  A komodo dragon (D)
  A yak (D)
  A black bear (D)
  A kobold brigand (D)
  A scorpion (D)
  A wight (D)
  A howler monkey (D)
  An adder (D)
  An orc (D)
  An endoplasm (D)
  A goblin (D)
  A hobgoblin (D)
  A jackal (D)
  A kobold (D)
  A rat (D)
17 creatures vanquished.

Vanquished Creatures (others)
  A great orb of eyes (D)
  A troll (D)
  2 slime creatures (D)
  A centaur (D)
5 creatures vanquished.

Grand Total: 22 creatures vanquished

Notes
Turn   | Place    | Note
-------+----------+-------------------------------------------
     0 | D        | adelrune the Minotaur Fighter began the quest for the Orb.
     0 | D        | Reached XP level 1. HP: 19/19 MP: 0/0
     6 | D        | Reached skill level 3 in Maces & Flails
     9 | D        | Reached skill level 1 in Dodging
    16 | D        | Reached XP level 2. HP: 27/27 MP: 1/1
    21 | D        | Noticed a black bear
    21 | D        | Noticed a scorpion
    24 | D        | Killed a black bear
    25 | D        | Reached skill level 5 in Fighting
    25 | D        | Reached skill level 6 in Maces & Flails
    25 | D        | Reached skill level 5 in Armour
    25 | D        | Reached skill level 5 in Shields
    25 | D        | Reached XP level 3. HP: 34/36 MP: 2/2
    25 | D        | Reached XP level 4. HP: 40/42 MP: 3/3
    38 | D        | Killed a scorpion
    39 | D        | Reached skill level 8 in Maces & Flails
    39 | D        | Reached XP level 5. HP: 37/51 MP: 4/4
    47 | D        | Found a roughly hewn altar of Beogh.
    47 | D        | Found a snail-covered altar of Cheibriados.
    47 | D        | Found a shadowy altar of Dithmenos.
    47 | D        | Found a white marble altar of Elyvilon.
    47 | D        | Found a blossoming altar of Fedhas.
    47 | D        | Found an opulent altar of Gozag.
    48 | D        | Found a hazy altar of Hepliaklqana.
    49 | D        | Found a viscous altar of Jiyva.
    50 | D        | Found an ancient bone altar of Kikubaaqudgha.
    51 | D        | Found a corrupted altar of Lugonu.
    52 | D        | Found a burning altar of Makhleb.
    53 | D        | Found a sparkling altar of Nemelex Xobeh.
    54 | D        | Found an iron altar of Okawaru.
    55 | D        | Found a stormy altar of Qazlal.
    56 | D        | Found a sacrificial altar of Ru.
    57 | D        | Found a shimmering blue altar of Sif Muna.
    58 | D        | Found a bloodstained altar of Trog.
    59 | D        | Found a hide-covered altar of Uskayaw.
    60 | D        | Found a radiant altar of Vehumet.
    61 | D        | Found an ornate altar of the Wu Jian Council.
    62 | D        | Found a shimmering altar of Xom.
    63 | D        | Found a basalt altar of Yredelemnul.
    64 | D        | Found a glowing silver altar of Zin.
    73 | D        | Became a worshipper of Jiyva Jatteyst the Shapeless
    73 | D        | Killed a troll
    76 | D        | Killed a centaur
    78 | D        | Killed a great orb of eyes
    81 | D        | Killed a slime creature
    82 | D        | Found a glowing golden altar of the Shining One.
    86 | D        | Killed a slime creature
   127 | D        | Noticed a komodo dragon
   127 | D        | Noticed a yak
   136 | D        | Killed a komodo dragon
   137 | D        | Reached skill level 10 in Maces & Flails
   137 | D        | Reached XP level 6. HP: 61/61 MP: 5/5
   144 | D        | Killed an unseen horror
   145 | D        | Reached skill level 11 in Maces & Flails
   145 | D        | Reached XP level 7. HP: 46/69 MP: 6/6
   152 | D        | Killed a yak
   153 | D        | Reached skill level 12 in Maces & Flails
   369 | D        | Noticed a centaur warrior
   369 | D        | Noticed a death knight
   377 | D        | Killed a centaur warrior
   378 | D        | Reached skill level 10 in Fighting
   378 | D        | Reached skill level 13 in Maces & Flails
   378 | D        | Reached skill level 10 in Armour
   378 | D        | Reached skill level 10 in Shields
   378 | D        | Reached XP level 8. HP: 26/79 MP: 7/7
   387 | D        | Slain by a death knight

Illustrated notes

Levels and vault maps discovered:
D:        linesprint [early_d, line_temple, items_1, d_10, items_2, lair_1,
          lair_end, items_3, orc_1, orc_end, items_4, d_15, swamp_1, shoals_1,
          snake_1, spider_1, d_20, vaults_1, items_5, swamp_end, shoals_end,
          snake_end, spider_end, vaults_end, d_27, items_6, zot_1, zot_end,
          crypt_end, forest_end, elf_end, slime_end, tomb_end, abyss_end,
          pan_hell_end]

Skill      XL: |  1  2  3  4  5  6  7 |
---------------+----------------------+-----
Maces & Flails | 3 6 8 10 11 13 | 13.6
Fighting       | 4 5 6 8 10 | 10.3
Armour         | 4 5 6 8 10 | 10.3
Dodging        | 1 3 4 6 7 8 |  8.4
Shields        | 4 5 6 7 8 10 | 10.0

Action                     |  1- 3 |  4- 6 |  7- 9 || total
---------------------------+-------+-------+-------++-------
  Melee: Flail             |    14 |    14 |       ||    28
         Headbutt          |     2 |     5 |     4 ||    11
         Morningstar       |       |    17 |    33 ||    50
    Use: Potion            |       |       |     1 ||     1
 Armour: Scale mail        |    11 |     7 |       ||    18
         Plate armour      |       |    19 |    35 ||    54
  Dodge: Dodged            |     3 |     4 |     7 ||    14
  Block: Buckler           |     2 |     7 |     3 ||    12

Table legend: (Time is in decaauts)
 A = Elapsed time spent in this place.
 B = Non-inter-level travel time spent in this place.
 C = Inter-level travel time spent in this place.
 D = Time resting spent in this place.
 E = Time spent auto-exploring this place.
 F = Levels seen in this place.
 G = Mean time per level.
                   A        B        C        D        E       F      G
               +--------+--------+--------+--------+--------+-----+--------+
         Total |    391 |    391 |      0 |    201 |      0 |   1 |  391.0 |
       Dungeon |    391 |    391 |      0 |    201 |      0 |   1 |  391.0 |
               +--------+--------+--------+--------+--------+-----+--------+

Top non-repeatable levels by time:
       D: 391 daAuts
